 Dungeon Crawl Stone Soup version 0.22-a0-83-g218e7ff (webtiles) character file.

102 Kidiri the Magician (level 4, -3/24 HPs)
             Began as a Deep Elf Fire Elementalist on Jan 20, 2018.
             Slain by an orc
             ... wielding a +0 hand axe
              (4 damage)
             ... on level 3 of the Dungeon.
             The game lasted 00:07:15 (2762 turns).

Kidiri the Magician (Deep Elf Fire Elementalist)    Turns: 2762, Time: 00:07:16

Health: -3/24      AC:  2    Str: 10    XL:     4   Next: 49%
Magic:  2/13       EV: 13    Int: 21    God:
Gold:   73         SH:  0    Dex: 15    Spells: 4/13 levels left

rFire    . . .     SeeInvis .   d - +0 dagger
rCold    . . .     Gourm    .   (no shield)
rNeg     . . .     Faith    .   a - +0 robe
rPois    .         Spirit   .   (no helmet)
rElec    .         Reflect  .   (no cloak)
rCorr    .         Harm     .   (no gloves)
MR       .....                  (no boots)
Stlth    ++........             (no amulet)
HPRegen  0.08/turn              (no ring)
MPRegen  0.13/turn              (no ring)

@: mighty
A: no striking features
a: no special abilities


You were on level 3 of the Dungeon.
You were near starving.

You visited 1 branch of the dungeon, and saw 3 of its levels.

You collected 73 gold pieces.

Inventory:

Hand Weapons
 d - a +0 dagger (weapon)
Armour
 a - a +0 robe (worn)
Scrolls
 f - 2 scrolls of teleportation {unknown}
 h - a scroll of fear {unknown}
 i - a scroll of enchant weapon {unknown}
 k - 3 scrolls of identify {unknown}
Books
 b - a book of Flames

   Spells                             Type                      Level
   a - Flame Tongue                   Conjuration/Fire             1
   b - Throw Flame                    Conjuration/Fire             2
   c - Conjure Flame                  Conjuration/Fire             3
   d - Inner Flame                    Hexes/Fire                   3
   e - Sticky Flame                   Conjuration/Fire             4
   f - Fireball                       Conjuration/Fire             5
Comestibles
 c - 2 rations


   Skills:
 - Level 2.4 Dodging
 - Level 2.4 Stealth
 * Level 5.1 Spellcasting
 + Level 2.4 Conjurations
 + Level 4.1 Fire Magic


You had 4 spell levels left.
You knew the following spells:

 Your Spells              Type           Power        Failure   Level  Hunger
a - Flame Tongue          Conj/Fire      ###..        2%          1    None
b - Throw Flame           Conj/Fire      ###...       4%          2    None
c - Conjure Flame         Conj/Fire      ###.....     9%          3    ##.....
d - Inner Flame           Hex/Fire       ##......     14%         3    ##.....


Dungeon Overview and Level Annotations

Branches:
Dungeon (3/15)

Altars:
Zin

Annotations:
D:2 Sigmund
D:3 1 transporter


Message History

You see here a scroll labeled HUCUCOUQAK.
Casting: Flame Tongue
Confirm with . or Enter, or press ? or * to list all spells.
Aiming: Flame Tongue
Press: ? - help, Shift-Dir - straight line, f/p - kobold
Aim: a kobold, wielding a short sword (severely wounded)
The flame tongue hits the kobold.
You kill the kobold!
Your magical contamination has completely faded away.
The orc shouts!
You hear a shout!
The orc priest shouts!
The orc shouts!
The orc hits you with a hand axe.
* * * LOW HITPOINT WARNING * * *
Unknown command.
You feel very mighty all of a sudden. The orc completely misses you.
The orc misses you.
You closely miss the orc. The orc hits you with a short sword.
* * * LOW HITPOINT WARNING * * *
The orc hits you with a hand axe.
You die...

####..###### #.#
#^.######## #K#
#)....r.... #.#
#.o.####### #r# #...# #.#
#.o## #o# #..# #.#
#..##########.####K######
#.....ro@ooo........r....
#..###.#################o
#..# #.# #. #..#
#r#################. ...#
#...r.K...?)........
##.##
###################. #.
## #.


You could see an orc priest, 3 orcs and a rat.

Vanquished Creatures
  4 adders
  4 oozes
  3 dart slugs
  A leopard gecko (D:3)
  An orc (D:3)
  A ball python (D:1)
  2 giant cockroaches (D:1)
  4 hobgoblins
  3 jackals (D:2)
  4 bats
  5 frilled lizards
  3 goblins
  4 kobolds
  4 rats
43 creatures vanquished.

Notes
Turn   | Place    | Note
-------+----------+-------------------------------------------
     0 | D:1      | Kidiri the Deep Elf Fire Elementalist began the quest for the Orb.
     0 | D:1      | Reached XP level 1. HP: 10/10 MP: 6/6
   601 | D:1      | Reached XP level 2. HP: 15/15 MP: 3/8
   605 | D:1      | Learned a level 2 spell: Throw Flame
  1003 | D:2      | Reached skill level 4 in Spellcasting
  1093 | D:2      | Reached XP level 3. HP: 15/19 MP: 5/10
  1120 | D:2      | Learned a level 3 spell: Conjure Flame
  1124 | D:2      | Learned a level 3 spell: Inner Flame
  1473 | D:2      | Noticed Sigmund
  2121 | D:2      | Reached XP level 4. HP: 24/24 MP: 7/12
  2633 | D:3      | Found a glowing silver altar of Zin.
  2701 | D:3      | Found a transporter.
  2716 | D:3      | Reached skill level 5 in Spellcasting
  2762 | D:3      | HP: 1/24 [orc/short sword (3)]
  2762 | D:3      | Slain by an orc

Vault maps used:
D:1:      evilmike_arrival_rings, minmay_misc_feat_encased
D:2:      uniq_sigmund
D:3:      gammafunk_steamed_eel, lemuel_round_altar, first_ration

Skill      XL: |  1  2  3  4 |
---------------+-------------+-----
Spellcasting   | 4 5 |  5.1
Conjurations   | 2 |  2.4
Fire Magic     | 4 |  4.1
Dodging        | |  2.4
Stealth        | |  2.4

Action                   |  1- 3 |  4- 6 || total
-------------------------+-------+-------++-------
Melee: Dagger            |     6 |     5 ||    11
 Cast: Flame Tongue      |    64 |    18 ||    82
       Throw Flame       |     2 |     2 ||     4
       Conjure Flame     |       |     2 ||     2
       Inner Flame       |       |     2 ||     2
  Use: Potion            |       |     3 ||     3
 Stab: Sleeping          |     3 |     1 ||     4
  Eat: Chunk             |     3 |     1 ||     4
Armor: Robe              |     5 |     9 ||    14
Dodge: Dodged            |    28 |    37 ||    65

Table legend:
 A = Spawn XP
 B = Non-spawn XP
 C = Spawn XP percentage of total XP
 D = Spawn monster count
 E = Non-spawn monster count
 F = Spawn count percentage of total count
 G = Total turns spent on level
                    A         B        C        D         E        F      G
               +---------+---------+-------+---------+---------+-------+---------
         Total |       0 |     146 |   0.0 |       0 |      43 |   0.0 |  2762
               +---------+---------+-------+---------+---------+-------+---------
           D:1 |       0 |      27 |   0.0 |       0 |      11 |   0.0 |  1260
           D:2 |       0 |      81 |   0.0 |       0 |      24 |   0.0 |  1130
           D:3 |       0 |      38 |   0.0 |       0 |       8 |   0.0 |   372
               +---------+---------+-------+---------+---------+-------+---------
